[Event "*** Titled Tuesday 3|2 Blitz"]
[Site "Chess.com"]
[Date "2015.12.01"]
[Round "9"]
[White "Gabrinsky"]
[Black "StellarChessPro"]
[Result "1-0"]
[WhiteElo "2356"]
[BlackElo "2259"]
[TimeControl "180+2"]
[EndTime "18:57:44 PST"]
[Termination "Gabrinsky won by resignation"]

1. e4 c6 2. Nc3 d5 3. Nf3 dxe4 4. Nxe4 Nf6 5. Ng3 Nbd7 6. d4 e6 7. Bd3 Qc7 8. O-O Bd6 9. Re1 h6 10. c3 b6 11. Qe2 Bb7 12. b3 O-O-O 13. a4 g5 14. a5 g4 15. Nd2 h5 16. Nc4 h4 17.
Nxd6+ Qxd6 18. Ne4 Nxe4 19. Bxe4 g3 20. fxg3 hxg3 21.
h3 e5 22. Be3 exd4 23. Bxd4 Rhe8 24. Qf3 Rxe4 25. Qxe4 c5 26. Be5 Qd2 27. Qe2 Nxe5 28. Qxd2 Rxd2 29. Rxe5 Rxg2+ 30. Kf1 Rh2 31. Rae1 Rf2+ 32.
Kg1 Rg2+ 33. Kf1 Rf2+ 34. Kg1 Bc6 35. axb6 axb6 36. R5e2 Rf3 37. Re3 Rf2 38. Rxg3 Rb2 39. c4 f5 40. Re7 Kd8 41. Rf7 Rb1+ 42. Kf2 Rb2+ 43. Ke1 Ke8 44. Rxf5 Ke7 45. Re5+ Kf6 46. Re2 Rb1+ 47. Kf2 Kf5 48. Rge3 Kf4 49. Re6 Ba8 50. Rf6+ Kg5 51. Rxb6 Kf4 52. Rf6+ Kg5 53. Rf8 Bc6 54. Re5+ Kg6 55. Rxc5 Be4 56. Rf4 Bc2 57. Rb5 Bxb3 58. Rf3 Rb2+ 59. Kg3 1-0

[Event "*** Titled Tuesday 3|2 Blitz"]
[Site "Chess.com"]
[Date "2015.12.01"]
[Round "9"]
[White "chessbia"]
[Black "norwaytoadog"]
[Result "0-1"]
[WhiteElo "2047"]
[BlackElo "1920"]
[TimeControl "180+2"]
[EndTime "18:58:05 PST"]
[Termination "norwaytoadog won by resignation"]

1. d4 Nf6 2. c4 e6 3. Nc3 Bb4 4. Qc2 Nc6 5. Nf3 d6 6. Bg5 h6 7. Bh4 g5 8. Bg3 g4 9. d5 gxf3 10. dxc6 fxe2 11. Bxe2 bxc6 12. O-O Bd7 13. Nd1 h5 14. Bh4 d5 15. c5 Qe7 16. a3 Bxc5 17.
Bxf6 Qxf6 18. Qxc5 h4 19. Ne3 h3 20. g3 e5 21. b4 Rg8 22. Rae1 Qd6 23. Qxd6 cxd6 24. Bd3 Ke7 25. Nf5+ Ke6 26. f4 e4 27. Nd4+ Kf6 28. Be2 a5 29. Rb1 axb4 30. axb4 Ra2 31. Rfe1 Rb8 32. Kf1 Rd2 33. Nb3 Ra2 34. Nd4 c5 35. bxc5 Rxb1 36. Rxb1 dxc5 37. Rb6+ Ke7 38. Nc6+ Bxc6 39. Rxc6 c4 40. Bg4 Rxh2 41. Rh6 c3 42.
Rc6 Rh1+ 43. Ke2 h2 44. Rxc3 Ra1 45. Rc7+ Kf6 46. Rc6+ Kg7 47. Bf3 exf3+ 48. Kxf3 h1=Q+ 0-1

[Event "*** Titled Tuesday 3|2 Blitz"]
[Site "Chess.com"]
[Date "2015.12.01"]
[Round "9"]
[White "HustleStandard"]
[Black "Alliswell998"]
[Result "1-0"]
[WhiteElo "2383"]
[BlackElo "2145"]
[TimeControl "180+2"]
[EndTime "18:58:18 PST"]
[Termination "HustleStandard won by resignation"]

1. e4 c5 2. Nf3 d6 3. Bb5+ Bd7 4. c4 g6 5. O-O Bg7 6. d4 cxd4 7. Nxd4 Nf6 8. Nc3 O-O 9. h3 a6 10. Bxd7 Nbxd7 11. Be3 Rc8 12. Qe2 Ne5 13. b3 b5 14. f4 Ned7 15. a4 bxc4 16. b4 e5 17. fxe5 Nxe5 18. a5 Re8 19. b5 axb5 20. Ndxb5 Nd3 21. Qf3 Ra8 22. Bb6 Qe7 23. Nc7 Nd7 24. N3d5 Qf8 25. Nxe8 Bxa1 26. Nec7 Nxb6 27. axb6 Bd4+ 28. Kh1 Ra2 29. b7 Nf2+ 30. Kh2 Be5+ 31. Kg1 Bd4 32. Kh2 Be5+ 33. Kg1 Bd4 34. Ne6 Nxh3+ 35. Kh2 Be5+ 36. Ndf4 Nxf4 37. Nxf8 Nxg2+ 38. Kh1 Nh4 39. Qh3 g5 40.
b8=Q 1-0

[Event "*** Titled Tuesday 3|2 Blitz"]
[Site "Chess.com"]
[Date "2015.12.01"]
[Round "9"]
[White "Iball95"]
[Black "wonderfultime"]
[Result "1-0"]
[WhiteElo "2453"]
[BlackElo "2618"]
[TimeControl "180+2"]
[EndTime "18:58:28 PST"]
[Termination "Iball95 won on time"]

1. e4 c5 2. Nf3 d6 3. Bb5+ Nc6 4.
O-O Bd7 5. Re1 Nf6 6. c3 a6 7.
Bf1 Bg4 8. h3 Bxf3 9. Qxf3 g6 10. d3 Bg7 11. Be3 O-O 12. Nd2 Nd7 13. Qd1 b5 14.
Nf3 b4 15. Qa4 Qc7 16. d4 Rfb8 17. Rac1 bxc3 18. bxc3 Nd8 19. Rb1 Rxb1 20. Rxb1 cxd4 21. cxd4 Ne6 22. Rc1 Qd8 23. Qc6 a5 24. Bb5 Nf6 25.
e5 dxe5 26. dxe5 Nd5 27. Rd1 Nec7 28. Bb6 Qb8 29. Rxd5 Nxd5 30. Qxd5 e6 31. Qe4 Qc8 32. a4 Qc1+ 33. Kh2 Rc8 34. Bxa5 Bh6 35. g3 Rc2 36. Bb6 Qd1 37. Qd3 Qc1 38. Qd8+ Bf8 39. Kg2 1-0

[Event "*** Titled Tuesday 3|2 Blitz"]
[Site "Chess.com"]
[Date "2015.12.01"]
[Round "9"]
[White "ItalianMachine"]
[Black "yopino"]
[Result "0-1"]
[WhiteElo "2229"]
[BlackElo "2232"]
[TimeControl "180+2"]
[EndTime "18:58:30 PST"]
[Termination "yopino won by resignation"]

1. e4 c5 2. Nc3 g6 3. f4 Bg7 4.
Nf3 Nc6 5. g3 Rb8 6. Bg2 b5 7. d3 b4 8. Nd5 e6 9. Ne3 Nge7 10.
O-O d5 11. h3 h5 12. g4 Nd4 13. e5 Nec6 14. c3 Nxf3+ 15. Qxf3 hxg4 16. hxg4 Qh4 17. g5 bxc3 18. bxc3 Ba6 19. Rd1 Bxe5 20. fxe5 Nxe5 21. Qf6 Nxd3 22. Ba3 Qh2+ 23. Kf1 Rh4 24. Rxd3 Rf4+ 25. Ke1 Rxf6 26. gxf6 Bxd3 27. Bxc5 Qg1+ 28. Kd2 Qxa1 29.
Kxd3 Qxa2 30. Bf3 Rb2 31. Kd4 Rd2+ 32. Ke5 a5 33. c4 Qb2+ 34. Kf4 Qxf6+ 35. Kg3 Qg5+ 36.
Ng4 f5 37. Be3 Qe7 38. Bxd2 fxg4 39. Bxg4 Qc7+ 40. Bf4 e5 41. Bg5 dxc4 42. Bf3 c3 43. Bf4 exf4+ 44. Kg4 c2 0-1

[Event "*** Titled Tuesday 3|2 Blitz"]
[Site "Chess.com"]
[Date "2015.12.01"]
[Round "9"]
[White "adypady02"]
[Black "jlandaw"]
[Result "0-1"]
[WhiteElo "2489"]
[BlackElo "2376"]
[TimeControl "180+2"]
[EndTime "18:58:32 PST"]
[Termination "jlandaw won by resignation"]

1. e4 e5 2. Nf3 Nc6 3. Bb5 a6 4. Ba4 Nf6 5. O-O Be7 6. Re1 b5 7. Bb3 d6 8. c3 O-O 9. h3 Na5 10. Bc2 c5 11. d4 Qc7 12. d5 c4 13. Nbd2 Nb7 14. Nf1 a5 15. a4 b4 16. Ne3 Nc5 17.
Nd2 bxc3 18. bxc3 Ba6 19. Nf5 Rfc8 20. Qf3 Bf8 21. Nf1 Kh8 22. N1g3 Nd3 23. Re2 Rab8 24. Bg5 Ng8 25. Re3 f6 26. Bh4 g5 27. Qh5 Nf4 28.
Qg4 gxh4 29. Qxh4 Qf7 30. Bd1 Qg6 31. Bg4 Rc7 32. Nh5 Qg5 33. Qg3 Nxh5 34. Bxh5 Qxh5 35.
h4 Qg6 36. Qh3 Nh6 37. Rg3 Qf7 38. Ne3 Bc8 39. Qh2 Rb3 40. Nf1 Qh5 41. Re1 Rg7 42. Rge3 Ng4 43. Qg3 Nxe3 44. Qxe3 Qxh4 45. Nd2 Qg5 0-1

[Event "*** Titled Tuesday 3|2 Blitz"]
[Site "Chess.com"]
[Date "2015.12.01"]
[Round "9"]
[White "MMSANCHEZ"]
[Black "gmjoey1"]
[Result "0-1"]
[WhiteElo "2323"]
[BlackElo "2433"]
[TimeControl "180+2"]
[EndTime "18:58:36 PST"]
[Termination "gmjoey1 won by resignation"]

1. d4 Nf6 2. Nf3 e6 3. c4 Bb4+ 4. Bd2 Qe7 5. Nc3 Bxc3 6. Bxc3 Ne4 7. Qc2 Nxc3 8. Qxc3 O-O 9. e4 b6 10. Bd3 Bb7 11.
O-O a5 12. Rfe1 d6 13. Rad1 Nd7 14. Bf1 e5 15. b3 Rfe8 16. dxe5 Nxe5 17. Nxe5 Qxe5 18.
Qxe5 Rxe5 19. f3 Rae8 20. Kf2 g6 21. Bd3 Kg7 22. a3 Bc8 23. g3 Bb7 24. Bc2 h5 25. Bd3 h4 26. b4 Ra8 27. Ra1 hxg3+ 28. hxg3 Rh5 29. Kg2 Kf6 30. f4 Kg7 31. Reb1 Rah8 32. Rh1 Rxh1 33. Rxh1 Rxh1 34. Kxh1 f5 35. Kg1 fxe4 36.
Be2 e3 37. g4 axb4 38. axb4 c5 39. bxc5 bxc5 40. Kh2 Ba6 41. Kg3 d5 42. Kf3 d4 43.
Ke4 Bc8 44. Bd1 Be6 45. Be2 Kf7 46. f5 gxf5+ 47. gxf5 Bd7 48. Ke5 Ba4 49. Kd6 Bc2 50. Kxc5 d3 51. Bf3 e2 0-1

[Event "*** Titled Tuesday 3|2 Blitz"]
[Site "Chess.com"]
[Date "2015.12.01"]
[Round "9"]
[White "gauranga"]
[Black "the_drake"]
[Result "1-0"]
[WhiteElo "2056"]
[BlackElo "2004"]
[TimeControl "180+2"]
[EndTime "18:58:43 PST"]
[Termination "gauranga won on time"]

1. b3 Nf6 2. Bb2 g6 3. Bxf6 exf6 4. c4 Bg7 5. Nc3 O-O 6. g3 f5 7. e3 Nc6 8. Bg2 b6 9. Nge2 Bb7 10. d4 Na5 11. d5 c5 12. O-O d6 13. Qd3 Bc8 14. Rad1 Nb7 15. Rfe1 Bd7 16. f4 a6 17. e4 fxe4 18. Nxe4 b5 19. Kh1 Qc7 20. Qf3 h5 21. h3 Na5 22. Rc1 Nb7 23. g4 hxg4 24. hxg4 f6 25.
Bh3 Kf7 26. Kg2 Rh8 27. N2g3 Rh4 28. Rh1 Rah8 29. Rce1 Qc8 30. f5 g5 31. Nh5 a5 32. Neg3 a4 33. Re6 Nd8 34. Rhe1 Bxe6 35.
fxe6+ Ke7 36. Nxg7 R4h7 37. N7f5+ Kf8 38. Nh5 Nb7 39. e7+ Kf7 40. Qe4 Re8 41. Nxd6+ Kg8 42. Qg6+ 1-0

[Event "*** Titled Tuesday 3|2 Blitz"]
[Site "Chess.com"]
[Date "2015.12.01"]
[Round "9"]
[White "JustaTrickstar"]
[Black "MisaPap"]
[Result "0-1"]
[WhiteElo "2462"]
[BlackElo "2425"]
[TimeControl "180+2"]
[EndTime "18:58:57 PST"]
[Termination "MisaPap won by resignation"]

1. c4 f5 2. Nf3 Nf6 3. g3 g6 4.
b3 Bg7 5. Bb2 O-O 6. Bg2 d6 7. O-O e5 8. e3 Qe7 9. d4 e4 10. Nfd2 c6 11. b4 Nbd7 12. a4 Re8 13.
Qb3 Nf8 14. d5 g5 15. Nc3 Ng6 16. Ne2 Ne5 17. Bxe5 Qxe5 18. dxc6 bxc6 19. Nd4 c5 20. Nb5 Qe7 21. f4 gxf4 22. gxf4 a6 23. Nc3 Be6 24. b5 Ng4 25. Rae1 Qf6 26. Nd5 Bxd5 27. cxd5 axb5 28. axb5 Qc3 29. h3 Nxe3 30. Rxe3 Qxd2 31. Rg3 Kh8 32. b6 Rab8 33. Qb5 Qb2 34.
Rb3 Qd4+ 35. Kh1 c4 36. Rb4 Rec8 37. b7 Rc7 38. Qa6 Qf6 39. Rxc4 Rcxb7 40. Rc6 Rd7 41.
Rfc1 Rbd8 42. Qb6 h6 43. Rc8 Kh7 44. R8c6 h5 45. Qe3 Bh6 46. Bf1 Rg7 47. Be2 h4 48.
Rc7 Rdd7 49. Rxd7 Rxd7 50. Rc8 Rg7 51. Qb6 Qa1+ 0-1

[Event "*** Titled Tuesday 3|2 Blitz"]
[Site "Chess.com"]
[Date "2015.12.01"]
[Round "9"]
[White "ArnaudovP"]
[Black "Kacparov"]
[Result "1-0"]
[WhiteElo "2359"]
[BlackElo "2534"]
[TimeControl "180+2"]
[EndTime "18:59:18 PST"]
[Termination "ArnaudovP won by checkmate"]

1. Nf3 d5 2. c4 e6 3. g3 Nf6 4. Bg2 dxc4 5. O-O Nbd7 6. Qc2 a6 7. a4 Be7 8. Na3 O-O 9. Nxc4 c5 10. b3 Rb8 11.
Bb2 Nd5 12. d4 b5 13. axb5 axb5 14. Na5 Qb6 15. dxc5 Nxc5 16. Rfc1 Ba6 17. e4 Nf6 18. Bd4 Rfc8 19. b4 Na4 20. Qxc8+ Rxc8 21. Rxc8+ Bxc8 22. Bxb6 Nxb6 23. Nc6 Bf8 24. Nfd4 Bd7 25. Ra6 Nc4 26. Nxb5 g5 27. Nbd4 Ng4 28. b5 Bc5 29. Ra8+ Kg7 30.
Rd8 Nb6 31. h3 Nxf2 32. Kxf2 e5 33. Ke2 exd4 34. Kd3 Be6 35. Nxd4 Bc4+ 36. Kc3 Bxd4+ 37. Kxd4 Bxb5 38. Kc5 Nd7+ 39. Kxb5 Ne5 40. Kc5 Kf6 41. Ra8 Ng6 42. Ra6+ Ke5 43. Ra7 Ke6 44. Kc4 h5 45. Ra6+ Ke5 46. Kd3 f6 47. Ra5+ Ke6 48. Ke3 h4 49. gxh4 Nxh4 50. Bf1 Kf7 51. Bc4+ Kg6 52. Ra6 Kg7 53. e5 fxe5 54. Ke4 Ng6 55. Kf5 Nf4 56. Kxe5 Nxh3 57. Kf5 Nf2 58. Ra7+ Kh6 59. Bg8 g4 60. Rh7# 1-0

[Event "*** Titled Tuesday 3|2 Blitz"]
[Site "Chess.com"]
[Date "2015.12.01"]
[Round "9"]
[White "Colombiano07"]
[Black "Fh2411"]
[Result "0-1"]
[WhiteElo "2112"]
[BlackElo "2300"]
[TimeControl "180+2"]
[EndTime "18:59:23 PST"]
[Termination "Fh2411 won by resignation"]

1. d4 Nf6 2. Nf3 e6 3. g3 d5 4. Bg2 Be7 5. O-O O-O 6. c4 c6 7. Nc3 dxc4 8. a4 Nbd7 9. Nd2 e5 10. Nxc4 exd4 11. Qxd4 Nc5 12. Qxd8 Rxd8 13. Bf4 Be6 14.
Na5 Rd7 15. Rfd1 Rad8 16. Rxd7 Rxd7 17. b4 Nb3 18. Nxb3 Bxb3 19. Rb1 Be6 20. Bb8 a6 21. Be5 Nd5 22. Nxd5 Bxd5 23. b5 Bxg2 24. bxa6 bxa6 25. Rb8+ Bf8 26. Kxg2 f6 27. Bf4 Kf7 28. Ra8 Bb4 29.
Rxa6 c5 30. Ra8 c4 31. Rb8 Ba5 32. Rb5 Be1 33. Rc5 c3 34. a5 Ke6 35. Bc7 Rd5 36.
Rxd5 Kxd5 37. a6 Kc6 38. a7 Kb7 39. Bb6 Bd2 40. Ba5 Kxa7 41. Kf3 Ka6 42. Bb4 Kb5 43.
Ba3 c2 44. Ke4 c1=Q 45. Bxc1 Bxc1 46. Kd5 Ba3 47. Ke6 Bb2 48. Kf7 f5 49. f3 Kc4 50. e4 fxe4 51. fxe4 g5 52. h4 g4 53.
Ke6 Kd3 54. Kf5 h5 55. Kg5 Kxe4 56. Kxh5 Kf3 57. Kg5 Kxg3 0-1

[Event "*** Titled Tuesday 3|2 Blitz"]
[Site "Chess.com"]
[Date "2015.12.01"]
[Round "9"]
[White "jcibarra"]
[Black "Konavets"]
[Result "0-1"]
[WhiteElo "2510"]
[BlackElo "2522"]
[TimeControl "180+2"]
[EndTime "19:00:22 PST"]
[Termination "Konavets won by resignation"]

1. e4 c5 2. Nf3 d6 3. d4 cxd4 4. Nxd4 Nf6 5. Nc3 g6 6. Be3 Bg7 7. f3 O-O 8. Qd2 Nc6 9. O-O-O Bd7 10. g4 Rc8 11. h4 Ne5 12. Kb1 b5 13. Ncxb5 a6 14.
Nc3 Qc7 15. Be2 Qb7 16. g5 Nh5 17. Nd5 Rfe8 18. Qb4 Qxb4 19. Nxb4 Ng3 20. Rhe1 Nxe2 21. Rxe2 Nc4 22. Bc1 e6 23. Nxa6 Bxd4 24. Rxd4 Bb5 25. Nb4 Na3+ 26. bxa3 Bxe2 27. f4 Rc4 28. Rxd6 Rxe4 29.
Bd2 Rb8 30. Kb2 e5 31. fxe5 Rxe5 32. Rd4 Rc5 33. Bf4 Rbc8 34. Nd5 Rxc2+ 35. Kb3 Kg7 36. Be5+ f6 37. Nxf6 R8c3+ 38. Kb4 Rc4+ 39. Kb3 R2c3+ 40. Kb2 Rxd4 41. Bxd4 Rc4 42. Bf2 Bd1 43. Be1 Rc2+ 44. Kb1 Re2 45. Bc3 Bc2+ 46. Ka1 Ba4 47. Nd5+ Kf7 48. Nb6 Bb5 49. a4 Ba6 50. Nd7 Rh2 51. Nc5 Bc8 52. Ne4 Rxh4 53. Nd6+ Ke6 54. Nxc8 Rc4 55.
Nb6 Rxc3 56. Kb2 Rc5 57. Kb3 Rxg5 58. Kb4 Kd6 59. a5 Kc6 60. Nc4 Rg4 61. Kc3 Kb5 62. Ne5 Rg3+ 63. Kd4 Kxa5 64. Ke4 Ra3 65. Nc4+ Kb4 66.
Ne5 Rxa2 67. Kf4 Rf2+ 68. Kg4 Kc3 69. Nc6 Re2 70. Kg5 Kc4 71. Kh6 Rh2+ 72. Kg7 Kd5 73. Ne7+ Ke4 74. Ng8 g5 75. Nf6+ Kf3 0-1

[Event "*** Titled Tuesday 3|2 Blitz"]
[Site "Chess.com"]
[Date "2015.12.01"]
[Round "9"]
[White "Boryboy"]
[Black "MITerryble"]
[Result "0-1"]
[WhiteElo "2531"]
[BlackElo "2614"]
[TimeControl "180+2"]
[EndTime "19:01:16 PST"]
[Termination "MITerryble won by checkmate"]

1. d4 e6 2. Nf3 Nf6 3. g3 b6 4.
Bg2 Bb7 5. c4 Bb4+ 6. Bd2 Be7 7.
O-O O-O 8. Nc3 Ne4 9. d5 Nxd2 10. Nxd2 Qc8 11. Qc2 a5 12. a3 Na6 13. Rad1 Nc5 14.
e4 e5 15. Bh3 Qd8 16. f4 Bf6 17. Nf3 Re8 18. b4 axb4 19. axb4 Na6 20. fxe5 Bxe5 21. Nxe5 Rxe5 22. Qb3 Qe7 23. Rb1 h5 24. Rf4 Rg5 25. Rbf1 Rf8 26. Na2 Re5 27. Bg2 f6 28. Rc1 Qd6 29. Kh1 Bc8 30. Rb1 Qe7 31. Nc1 Rg5 32. Nd3 Rg4 33. Bf3 Rg5 34. Ra1 d6 35. Qd1 f5 36. Qe2 Qf6 37. Rf1 Qc3 38.
Rc1 Qa3 39. Qd2 Rg6 40. Re1 Rgf6 41. exf5 Rxf5 42. Rxf5 Bxf5 43. Re3 Bxd3 44. Rxd3 Qxb4 45. Qxb4 Nxb4 46. Rb3 h4 47. gxh4 Nc2 48. Bg4 Ne1 49. Kg1 Rf4 50. Be6+ Kh7 51. Rg3 Nf3+ 52. Kg2 Nxh4+ 53.
Kh3 Nf3 54. Kg2 Ne5 55. Ra3 Rxc4 56. Ra7 b5 57. Rb7 b4 58. Kg3 Kg6 59. Rb8 Kh7 60. h4 g6 61. Re8 Kg7 62. Rb8 Kf6 63. Rf8+ Ke7 64. Rb8 c5 65. Rb7+ Kf6 66. Rb8 Rc3+ 67.
Kg2 b3 68. Rb6 Rc2+ 69. Kg3 b2 70. Bc8 Ke7 71. Rb7+ Kf6 72. Rb6 c4 73. Rxd6+ Kg7 74. Rb6 c3 75. d6 Rd2 76. Kf4 c2 77. Rb7+ Kf6 78. d7 c1=Q 79. Ke4 Qc4+ 80. Ke3 Qd4# 0-1

[Event "*** Titled Tuesday 3|2 Blitz"]
[Site "Chess.com"]
[Date "2015.12.01"]
[Round "9"]
[White "flubs"]
[Black "Cararay"]
[Result "0-1"]
[WhiteElo "2159"]
[BlackElo "2220"]
[TimeControl "180+2"]
[EndTime "19:01:19 PST"]
[Termination "Cararay won by resignation"]

1. d4 d5 2. c4 dxc4 3. Nf3 Nf6 4. g3 Nbd7 5. Bg2 Nb6 6. O-O Be6 7. Nbd2 c6 8. Ng5 Bd7 9. e4 h6 10. Ngf3 Bg4 11.
Re1 e6 12. Qc2 Bb4 13. Re3 Bxd2 14. Bxd2 Bxf3 15. Bxf3 Qxd4 16. Rd1 Qc5 17. a4 O-O 18. b4 Qe7 19. a5 Nbd7 20. Qxc4 Ne5 21. Qc2 Nxf3+ 22.
Rxf3 Rfd8 23. Rb3 a6 24. f3 Rd7 25. Be3 Rad8 26. Rc1 Ne8 27. Bb6 Nc7 28. f4 Re8 29.
Rd1 Rxd1+ 30. Qxd1 Rd8 31. Rd3 Rxd3 32. Qxd3 Nb5 33. Bc5 Qe8 34. Kg2 Qc8 35. h3 f5 36.
exf5 exf5 37. Qc4+ Kh7 38. Qf7 Kh8 39. Bf8 Qc7 40.
Qxf5 Nd4 41. Qe4 Qd7 42. Bc5 Nf5 43. Qe2 Qd5+ 44. Kh2 Kg8 45. g4 Nh4 46. Qf2 Ng6 47. Qe3 Qf7 48. Kg3 Nf8 49. h4 Nd7 50. Bd4 Nf6 51.
h5 Nd5 52. Qd2 Qe7 53. Bc5 Qe4 54. Bd6 Qh1 55. Qe2 Qg1+ 56. Kh3 Qh1+ 57. Kg3 Kf7 58. g5 Qg1+ 59. Kh4 Qh1+ 60. Kg3 hxg5 61. fxg5 Qg1+ 62.
Qg2 Qd4 63. Qf3+ Ke6 64. Qg4+ Qxg4+ 65. Kxg4 Kxd6 66. Kf5 Ke7 67. Kg6 Kf8 68. Kh7 Nxb4 69. h6 gxh6 70. g6 Nd5 71. g7+ Ke7 72. g8=Q Nf6+ 0-1